 Dungeon Crawl Stone Soup version 0.30-a0-458-g86641cc369 (webtiles) character file.

Game seed: 5384713497714716464

25 cforsyth the Shield-Bearer (level 2, -1/29 HPs)
             Began as a Troll Fighter on Dec 15, 2022.
             Slain by Natasha (4 damage)
             ... on level 2 of the Dungeon.
             The game lasted 00:01:32 (878 turns).

cforsyth the Shield-Bearer (Troll Fighter)           Turns: 878, Time: 00:01:32

Health: -1/29      AC:  4    Str: 23    XL:     2   Next: 86%
Magic:  1/1        EV:  8    Int:  4    God:
Gold:   43         SH:  7    Dex:  9    Spells: 1/1 levels left

rFire   . . .      SeeInvis .      - Unarmed
rCold   . . .      Faith    .    b - +0 kite shield
rNeg    . . .      Spirit   .    a - +0 robe
rPois   .          Reflect  .    (helmet restricted)
rElec   .          Harm     .    (no cloak)
rCorr   .          Rampage  .    (gloves unavailable)
Will    .....                    (boots unavailable)
Stlth   +.........               (no amulet)
HPRegen 1.04/turn                (no ring)
MPRegen 0.07/turn                (no ring)

@: slowed, very slow
A: large, unfitting armour, claws 3, regeneration 1, shaggy fur 1, tough skin 1
a: no special abilities


You were on level 2 of the Dungeon.
You visited 1 branch of the dungeon, and saw 2 of its levels.

You collected 43 gold pieces.

Inventory:

Armour
 a - a +0 robe (worn)
 b - a +0 kite shield (worn)
Jewellery
 e - a ring of poison resistance
Scrolls
 f - 2 scrolls of identify {unknown}
Potions
 c - a potion of might
 d - a potion of cancellation {unknown}
 g - a potion of attraction {unknown}
 h - a potion of curing {unknown}
 i - 2 potions of invisibility {unknown}
 j - a potion of brilliance


   Skills:
 + Level 2.7 Fighting
 + Level 2.6 Dodging
 + Level 3.0 Shields
 + Level 2.4 Unarmed Combat


You had one spell level left.
You didn't know any spells.
Your spell library was empty.

Dungeon Overview and Level Annotations

Branches:
Dungeon (2/15)

Altars:

Annotations:
D:2 Natasha


Innate Abilities, Weirdness & Mutations

You are too large for most types of armour.
You have claws for hands.
Your natural rate of healing is unusually fast.
You are covered in fur. (AC +1)
You have tough skin. (AC +1)


Message History

Natasha is heavily wounded.
Natasha claws you but does no damage. You block the crimson imp's attack.
You scratch Natasha.
Natasha is heavily wounded.
Natasha casts a spell.
The crimson imp hits you but does no damage.
You miss Natasha.
Natasha is heavily wounded.
Natasha stares at you and mumbles some strange words.
You feel yourself slow down. The crimson imp hits you.
You closely miss Natasha.
Natasha is heavily wounded.
Natasha claws you. The crimson imp barely misses you. The iron imp hits you.
Natasha claws you! You block the crimson imp's attack. The iron imp hits you!
* * * LOW HITPOINT WARNING * * *
You closely miss Natasha.
Natasha is heavily wounded.
Natasha stares at you and mumbles some strange words.
You feel as though you will be slow longer.
You block the crimson imp's attack.
The white imp hits you but does no damage.
You block the iron imp's attack. Natasha completely misses you.
Unknown command.
You closely miss Natasha.
Natasha is heavily wounded.
The crimson imp barely misses you.
The white imp hits you but does no damage.
Natasha claws you but does no damage. The iron imp completely misses you.
You block the crimson imp's attack. The white imp hits you.
* * * LOW HITPOINT WARNING * * *
The white imp freezes you.
* * * LOW HITPOINT WARNING * * *
Unknown command.
You scratch Natasha.
Natasha is severely wounded.
Natasha stares at you and mumbles some strange words.
You feel as though you will be slow longer.
The crimson imp closely misses you. You block the iron imp's attack.
You block the white imp's attack. Natasha claws you.
You die...

#.# #####..###.# #.#
#..........#
#.#####.###..###.# #
.....†..# #..# # .#
..####### #..##. #.## ..#
#....###...
..#########........#
............#..55h.##
.############...@5..# .#
..................#.# .#
.############.......##.#
...# #.##....>#.# # ...##
#.#........##.# ....#
#.#...........## .>..#
#.#......(...... ....#
####...........#
.##.######.............##


You could see an iron imp (summoned), Natasha (empowered), a crimson imp
(summoned) and a white imp (summoned).

Vanquished Creatures
  3 dart slugs (D:1)
  3 ball pythons
  3 bats (D:1)
  An endoplasm (D:1)
  3 goblins (D:1)
  A hobgoblin (D:1)
  A quokka (D:1)
  A frilled lizard (D:2)
  2 rats
18 creatures vanquished.

Notes
Turn   | Place    | Note
-------+----------+-------------------------------------------
     0 | D:1      | cforsyth the Troll Fighter began the quest for the Orb.
     0 | D:1      | Reached XP level 1. HP: 22/22 MP: 0/0
   133 | D:1      | Reached XP level 2. HP: 29/29 MP: 1/1
   638 | D:1      | Reached skill level 3 in Shields
   864 | D:2      | Noticed Natasha
   871 | D:2      | Noticed a crimson imp
   878 | D:2      | Slain by Natasha

Illustrated notes

Levels and vault maps discovered:
D:1:      dpeg_arrival_boxes_within_box, layout_loops_cross, serial_forest,
          infiniplex_forest_lined_room_, infiniplex_forest_clump_long,
          infiniplex_forest_straight_2, infiniplex_forest_end_3,
          infiniplex_forest_clump_curved, infiniplex_forest_lined_corner,
          infiniplex_forest_corner_1, st_stairs_8
D:2:      layout_loops_ring, hellmonk_ecumenical_altar_prayer_group,
          uniq_natasha, uniq_terence, uniq_robin

Skill      XL: |  1  2 |
---------------+-------+-----
Shields        | 3 |  3.0
Fighting       | |  2.7
Dodging        | |  2.6
Unarmed Combat | |  2.4

Action                   || total
-------------------------++-------
Melee: Unarmed           ||    63
Armor: Robe              ||    22
Dodge: Dodged            ||    23
Block: Kite shield       ||    24

Table legend: (Time is in decaauts)
 A = Elapsed time spent in this place.
 B = Non-inter-level travel time spent in this place.
 C = Inter-level travel time spent in this place.
 D = Time resting spent in this place.
 E = Time spent auto-exploring this place.
 F = Levels seen in this place.
 G = Mean time per level.
                   A        B        C        D        E       F      G
               +--------+--------+--------+--------+--------+-----+--------+
         Total |    885 |    855 |     30 |      0 |    692 |   2 |  442.5 |
       Dungeon |    885 |    855 |     30 |      0 |    692 |   2 |  442.5 |
               +--------+--------+--------+--------+--------+-----+--------+

Top non-repeatable levels by time:
     D:1: 759 daAuts
     D:2: 126 daAuts
